 Dungeon Crawl Stone Soup version 0.24.0-10-g970556be89 (console) character file.

Game seed: 16366460185058883741, levelgen mode: deterministic

877 AlterAsc the Insei (level 8, -5/62 HPs)
             Began as an Octopode Transmuter on Nov 4, 2019.
             Was a Follower of Sif Muna.
             Slain by Duvessa
             ... wielding a +2 short sword of holy wrath
              (14 damage)
             ... on level 5 of the Dungeon on Nov 5, 2019.
             The game lasted 00:12:45 (5254 turns).

AlterAsc the Insei (Octopode Transmuter)            Turns: 5254, Time: 00:12:46

Health: -5/62      AC:  6    Str: 11    XL:     8   Next: 4%
Magic:  10/14      EV: 10    Int: 21    God:    Sif Muna [*.....]
Gold:   270        SH:  0    Dex: 12    Spells: 5/15 levels left

rFire    x . .     SeeInvis .     - Unarmed
rCold    + + +     Gourm    .   (shield currently unavailable)
rNeg     . . .     Faith    .   (helmet currently unavailable)
rPois    +         Spirit   .   (no amulet)
rElec    .         Reflect  .   h - +5 ring of intelligence
rCorr    .         Harm     .   o - ring of protection from cold
MR       .....                  (no ring)
Stlth    +.........             (no ring)
HPRegen  0.20/turn              (no ring)
MPRegen  0.14/turn              (no ring)
                                (no ring)
                                (no ring)

@: ice-form
A: large, almost no armour, stealthy swim, amphibious, 8 rings, (constrict 8)
a: End Transformation, Channel Magic, Renounce Religion


You were on level 5 of the Dungeon.
You worshipped Sif Muna.
Sif Muna was aware of your devotion.
You were not hungry.
You were a creature of crystalline ice.
You visited 1 branch of the dungeon, and saw 5 of its levels.

You collected 270 gold pieces.

Inventory:

Missiles
 a - 69 arrows
 e - 5 atropa-tipped darts
 i - 10 poisoned darts (quivered)
Jewellery
 h - a +5 ring of intelligence (left front paw)
 o - a ring of protection from cold (right front paw)
Wands
 k - a wand of polymorph (5)
 v - a wand of iceblast (9)
Scrolls
 f - 2 scrolls of fear
 j - 2 scrolls of amnesia
 l - a scroll of enchant armour {unknown}
 m - 2 scrolls of remove curse {unknown}
 n - a scroll of enchant weapon {unknown}
 s - 2 scrolls of immolation {unknown}
 t - 2 scrolls of teleportation {unknown}
 w - 3 scrolls of magic mapping {unknown}
 x - a scroll of identify
Potions
 b - 4 potions of agility
 d - a potion of brilliance {unknown}
 g - 2 potions of flight
 p - a potion of cancellation {unknown}
 q - 4 potions of curing
 r - 2 potions of lignification {unknown}
Comestibles
 c - 9 rations


   Skills:
 + Level 3.4 Fighting
 - Level 2.1 Dodging
 * Level 5.6 Unarmed Combat
 + Level 4.0 Spellcasting
 + Level 4.8 Transmutations
 - Level 2.1 Ice Magic


You had 5 spell levels left.
You knew the following spells:

 Your Spells              Type           Power        Failure   Level  Hunger
a - Beastly Appendage     Tmut           ###...       1%          1    None
b - Sticks to Snakes      Tmut           ###.....     2%          2    #......
c - Spider Form           Tmut/Pois      ##........   13%         3    ###....
d - Ice Form              Ice/Tmut       ###.....     28%         4    ####...

Your spell library contained the following spells:

 Spells                   Type           Power        Failure   Level  Hunger
 Blade Hands              Tmut           ###.......   43%         5    ######.


Dungeon Overview and Level Annotations

Branches:
Dungeon (5/15)             Temple (0/1) D:4

Altars:
Ashenzari
Cheibriados
Ru
Sif Muna
Yredelemnul

Annotations:
D:2 1 runed translucent door, Crazy Yiuf, Sigmund
D:5 1 transporter, Duvessa; Shaidar's ghost, novice HOFi


Innate Abilities, Weirdness & Mutations

You cannot wear most types of armour.
You are very stealthy in the water. (Stealth+)
You are amphibious.
You can wear up to eight rings at the same time.
((You can use your tentacles to constrict eight enemies at once.))
((Your skin changes colour to match your surroundings (Stealth+).))
((Your rubbery body absorbs attacks. (AC +1, EV +1)))


Message History

You kill Dowan!
Sif Muna accepts your kill.
Duvessa screams in rage.
Duvessa goes berserk!
Your Spellcasting skill increases to level 4!
You have reached level 8!
You feel sick.
Duvessa hits you with a +2 short sword of holy wrath.
You hit Duvessa. You freeze Duvessa.
Duvessa is lightly wounded.
Duvessa hits you with a +2 short sword of holy wrath!
You hit Duvessa but do no damage.
Duvessa is lightly wounded.
You feel sick.
Duvessa hits you with a +2 short sword of holy wrath!!
* * * LOW HITPOINT WARNING * * *
Duvessa closely misses you.
You feel better.
Duvessa hits you with a +2 short sword of holy wrath!
You die...

..#.#. #.. ..#O.# #.#
..#W.. #.+
..########.###
.##........'.#
.##........#.##########
.##........#..!.......#
.##........#.....(....#'
.'.......###....Ye......
.#....#### #.....)......
.#....# #.###........
.#....### #.# #........
.#......# #.# ...#.#.''
........# #. ##.._. ##
........# ##.#.
........# .# ....#####


You could see Duvessa (berserk).

Vanquished Creatures
  Edmund (D:5)
  A sky beast (D:5)
  Blork the orc (D:5)
  A scorpion (D:5)
  Dowan (D:5)
  A crimson imp (D:5)
  2 hounds
  An orc priest (D:4)
  A bullfrog skeleton (D:5)
  An iguana (D:4)
  A worker ant (D:4)
  A hound skeleton (D:4)
  Robin (D:2)
  8 gnolls
  9 adders
  2 oozes
  3 worms
  4 dart slugs
  2 leopard geckos
  14 orcs
  7 giant cockroaches
  15 goblins
  7 hobgoblins
  3 quokkas
  A ball python (D:2)
  5 bats
  3 frilled lizards
  7 kobolds
  A quokka skeleton (D:4)
  9 rats
114 creatures vanquished.

Notes
Turn   | Place    | Note
-------+----------+-------------------------------------------
     0 | D:1      | AlterAsc the Octopode Transmuter began the quest for the
                  | Orb.
     0 | D:1      | Reached XP level 1. HP: 13/13 MP: 3/3
   288 | D:1      | Reached XP level 2. HP: 15/18 MP: 5/5
   681 | D:1      | Learned a level 2 spell: Sticks to Snakes
  1007 | D:1      | Reached XP level 3. HP: 19/23 MP: 6/6
  1015 | D:1      | Learned a level 3 spell: Spider Form
  1350 | D:2      | Noticed Sigmund
  1660 | D:2      | Noticed Robin
  1681 | D:2      | Killed Robin
  1681 | D:2      | Reached XP level 4. HP: 18/28 MP: 0/8
  1858 | D:2      | Found a faded altar of an unknown god.
  2284 | D:2      | Found a runed translucent door.
  2285 | D:2      | Noticed Crazy Yiuf
  2942 | D:3      | Reached XP level 5. HP: 33/33 MP: 6/9
  3522 | D:3      | Reached skill level 4 in Unarmed Combat
  3544 | D:3      | Learned a level 4 spell: Ice Form
  3630 | D:3      | Found a shimmering blue altar of Sif Muna.
  3633 | D:3      | Became a worshipper of Sif Muna the Loreminder
  3668 | D:3      | Reached XP level 6. HP: 39/39 MP: 6/10
  4011 | D:4      | Found a staircase to the Ecumenical Temple.
  4162 | D:4      | Reached skill level 1 in Ice Magic
  4537 | D:4      | Found a basalt altar of Yredelemnul.
  4540 | D:4      | Reached * piety under Sif Muna
  4772 | D:5      | Entered Level 5 of the Dungeon
  4772 | D:5      | Noticed Blork the orc
  4782 | D:5      | Killed Blork the orc
  4782 | D:5      | Reached XP level 7. HP: 28/45 MP: 8/12
  4829 | D:5      | Found a snail-covered altar of Cheibriados.
  4829 | D:5      | Found a sacrificial altar of Ru.
  4889 | D:5      | Noticed Shaidar's ghost (novice HOFi)
  4890 | D:5      | Found a transporter.
  4958 | D:5      | Reached skill level 5 in Unarmed Combat
  4974 | D:5      | Noticed Edmund
  4985 | D:5      | Killed Edmund
  5239 | D:5      | Found a shattered altar of Ashenzari.
  5239 | D:5      | Noticed Dowan
  5242 | D:5      | Noticed Duvessa
  5251 | D:5      | Killed Dowan
  5251 | D:5      | Reached XP level 8. HP: 41/52 MP: 9/14
  5253 | D:5      | HP: 1/62 [Duvessa/+2 short sword of holy wrath (22)]
  5254 | D:5      | Slain by Duvessa

Levels and vault maps discovered:
D:1:      lightli_molten_gateway, layout_basic
D:2:      layout_loops_ring, chequers_ecumenical_altar_island,
          chequers_hall_statues_wall_a, st_stairs_10, uniq_sigmund,
          uniq_crazy_yiuf_cottage, uniq_robin
D:3:      layout_rooms, lemuel_blue_sif_altar, first_ration,
          guppyfry_early_orc_mine
D:4:      layout_basic, marbit_many_paths, minmay_temple_entry_wispy
D:5:      layout_basic, ashenzari_altar_1, led_xom_imps,
          chequers_temple_overflow_statue_of_worship, gammafunk_ghost_smash,
          uniq_edmund, uniq_duvessa, uniq_blork_the_orc

Skill      XL: |  1  2  3  4  5  6  7 |
---------------+----------------------+-----
Transmutations | 3 4 |  4.8
Spellcasting   | 3 4 |  4.0
Fighting       | 2 3 |  3.4
Unarmed Combat | 4 5 |  5.6
Ice Magic      | 1 2 |  2.1
Dodging        | |  2.1

Action                   |  1- 3 |  4- 6 |  7- 9 || total
-------------------------+-------+-------+-------++-------
Melee: Unarmed           |    69 |   192 |    43 ||   304
       Constrict         |    20 |    14 |       ||    34
       Tentacles         |     8 |    13 |       ||    21
       Kick              |     6 |     1 |       ||     7
       Punch             |       |     2 |       ||     2
Throw: Dart              |    11 |       |       ||    11
 Cast: Beastly Appendage |    10 |     2 |       ||    12
       Sticks to Snakes  |     2 |     1 |       ||     3
       Spider Form       |       |    24 |     2 ||    26
       Ice Form          |       |     1 |     2 ||     3
  Use: Scroll            |       |     5 |       ||     5
       Potion            |       |       |     1 ||     1
 Stab: Sleeping          |     5 |     6 |       ||    11
  Eat: Chunk             |     2 |    13 |     2 ||    17
Armor: Skin              |     5 |    14 |     5 ||    24
Dodge: Dodged            |    27 |   147 |    25 ||   199
